 Dungeon Crawl Stone Soup version 0.29-a0-857-g9b1aa3ac5b (webtiles) character file.

Game seed: 11868929100142977266

310 jimonade the Shield-Bearer (level 6, -1/48 HPs)
             Began as a Formicid Fighter on July 17, 2022.
             Slain by Grinder (5 damage)
             ... on level 3 of the Dungeon.
             The game lasted 00:04:32 (2744 turns).

jimonade the Shield-Bearer (Formicid Fighter)       Turns: 2744, Time: 00:04:33

Health: -1/48      AC: 13    Str: 23    XL:     6   Next: 69%
Magic:  9/9        EV:  7    Int:  7    God:
Gold:   141        SH: 14    Dex: 13    Spells: 9/9 levels left

rFire   . . .      SeeInvis +   a - +0 quarterstaff
rCold   + . .      Faith    .   n - +0 kite shield
rNeg    . . .      Spirit   .   x - +0 chain mail
rPois   .          Reflect  +   (helmet unavailable)
rElec   .          Harm     .   (no cloak)
rCorr   .          Rampage  .   u - +0 pair of gloves
Will    .....                   z - +1 pair of boots
Stlth   ..........              p - amulet of reflection
HPRegen 0.16/turn               y - ring of protection from cold
MPRegen 0.11/turn               (no ring)

@: no status effects
A: permanent stasis, dig shafts and tunnels, antennae 3, four strong arms
a: Dig, Shaft Self


You were on level 3 of the Dungeon.
You visited 1 branch of the dungeon, and saw 3 of its levels.

You collected 141 gold pieces.

Inventory:

Hand Weapons
 a - a +0 quarterstaff (weapon)
 b - a +0 vorpal sling
 e - a +1 short sword of venom
 i - a +0 long sword
 C - a +0 vorpal flail
Missiles
 f - 34 stones
Armour
 c - a +0 buckler
 l - a +2 ring mail of fire resistance
 m - a +0 scale mail
 n - a +0 kite shield (worn)
 u - a +0 pair of gloves (worn)
 x - a +0 chain mail (worn)
 z - a +1 pair of boots (worn)
Jewellery
 k - an amulet of guardian spirit
 p - an amulet of reflection (around neck)
 y - a ring of protection from cold (left hand)
 A - a ring of fire
Wands
 v - a wand of roots (13)
Scrolls
 j - 4 scrolls of identify {unknown}
 o - 2 scrolls of immolation {unknown}
 q - a scroll of teleportation {unknown}
 r - a scroll of brand weapon {unknown}
 s - a scroll of fear {unknown}
 t - a scroll of fog {unknown}
 B - a scroll of enchant weapon {unknown}
 E - a scroll of magic mapping {unknown}
Potions
 d - 2 potions of might
 g - a potion of brilliance {unknown}
 h - 2 potions of heal wounds {unknown}
 w - a potion of flight {unknown}
 D - a potion of curing {unknown}


   Skills:
 + Level 3.8 Fighting
 + Level 4.1 Staves
 + Level 4.4 Armour
 + Level 0.9 Dodging
 + Level 5.0 Shields
 * Level 2.4 Spellcasting


You had 9 spell levels left.
You didn't know any spells.
Your spell library was empty.

Dungeon Overview and Level Annotations

Branches:
Dungeon (3/15)

Altars:
Vehumet

Annotations:
D:3 Grinder


Innate Abilities, Weirdness & Mutations

You cannot be hasted, slowed, berserked, paralysed or teleported.
You can dig through walls and to a lower floor.
You have a pair of large antennae on your head. (SInv)
Your four strong arms can wield two-handed weapons with a shield.


Message History

You hit Grinder but do no damage. Grinder gestures at you.
Pain shoots through your body!
You completely miss Grinder. Grinder gestures at you.
You struggle to resist.
Grinder gestures at you.
Your stasis prevents you from being paralysed.
You hit Grinder.
Grinder is lightly wounded.
Grinder hits you but does no damage.
You hit Grinder.
Grinder is lightly wounded.
Grinder blinks!
Grinder gestures at you. Pain shoots through your body!
You block Grinder's attack.
There is an open door here.
You closely miss Grinder.
Grinder is lightly wounded.
Grinder hits you.
You barely miss Grinder.
Grinder is lightly wounded.
Grinder hits you.
You writhe in agony.
You block Grinder's attack.
You sock Grinder!
Grinder is heavily wounded.
You block Grinder's attack.
You closely miss Grinder.
Grinder is heavily wounded.
Grinder hits you but does no damage.
You barely miss Grinder.
Grinder is heavily wounded.
Grinder hits you.
You writhe in agony.
* * * LOW HITPOINT WARNING * * *
You closely miss Grinder.
Grinder is heavily wounded.
Grinder hits you!
* * * LOW HITPOINT WARNING * * *
You writhe in agony.
You die...

#.# ..# ..# ..# ..# ### #
######
############....##########
...........'...5@.........
############....########.#
.# ####### #.# .#######
#....# #.#
.......####.##.##### #.#
.............#.....# #.#
.#####.#.....#.....# #.#
.##....#.###.#.....# #.#
.##....#.#
#.#.....#####.####.###


You could see Grinder.

Vanquished Creatures
  Sigmund (D:2)
  Terence (D:2)
  5 adders
  2 worms
  A dart slug (D:2)
  An orc (D:3)
  4 endoplasms
  4 giant cockroaches
  5 goblins
  2 hobgoblins (D:1)
  11 jackals
  4 quokkas
  7 ball pythons
  7 bats
  3 kobolds
  2 rats
60 creatures vanquished.

Notes
Turn   | Place    | Note
-------+----------+-------------------------------------------
     0 | D:1      | jimonade the Formicid Fighter began the quest for the Orb.
     0 | D:1      | Reached XP level 1. HP: 18/18 MP: 1/1
   134 | D:1      | Reached XP level 2. HP: 24/24 MP: 2/2
   546 | D:1      | Found a faded altar of an unknown god.
   902 | D:2      | Reached XP level 3. HP: 25/29 MP: 1/4
   907 | D:2      | Reached skill level 1 in Spellcasting
  1221 | D:2      | Noticed Sigmund
  1245 | D:2      | Killed Sigmund
  1246 | D:2      | Reached XP level 4. HP: 11/37 MP: 2/7
  1246 | D:2      | Reached XP level 5. HP: 12/42 MP: 2/8
  1246 | D:2      | Reached XP level 6. HP: 14/48 MP: 2/9
  2061 | D:2      | Noticed Terence
  2066 | D:2      | Killed Terence
  2067 | D:2      | Reached skill level 5 in Shields
  2222 | D:3      | Found a radiant altar of Vehumet.
  2728 | D:3      | Noticed Grinder
  2744 | D:3      | Slain by Grinder

Illustrated notes

Levels and vault maps discovered:
D:1:      minmay_arrival_four_houses, layout_basic,
          shapermc_ecumenical_altar_venn
D:2:      layout_basic, serial_rivers, chequers_serial_rivers_micro_b,
          chequers_serial_rivers_micro_a, chequers_serial_rivers_small_a,
          chequers_serial_rivers_small_a, chequers_serial_rivers_micro_e,
          uniq_terence, uniq_sigmund
D:3:      layout_basic, mainiacjoe_overflow_cross_hatched, uniq_grinder

Skill      XL: |  1  2  3  4  5  6 |
---------------+-------------------+-----
Spellcasting   | 2 |  2.4
Staves         | 3 4 |  4.1
Armour         | 4 |  4.4
Shields        | 5 |  5.0
Fighting       | |  3.8
Dodging        | |  0.9

Action                   |  1- 3 |  4- 6 || total
-------------------------+-------+-------++-------
Melee: Quarterstaff      |    93 |    96 ||   189
 Abil: Dig               |     1 |       ||     1
Armor: Scale mail        |    28 |       ||    28
       Ring mail         |    19 |     8 ||    27
       Chain mail        |       |    19 ||    19
Dodge: Dodged            |    56 |    11 ||    67
Block: Buckler           |    12 |       ||    12
       Kite shield       |    22 |    59 ||    81

Table legend: (Time is in decaauts)
 A = Elapsed time spent in this place.
 B = Non-inter-level travel time spent in this place.
 C = Inter-level travel time spent in this place.
 D = Time resting spent in this place.
 E = Time spent auto-exploring this place.
 F = Levels seen in this place.
 G = Mean time per level.
                   A        B        C        D        E       F      G
               +--------+--------+--------+--------+--------+-----+--------+
         Total |   2796 |   2597 |    199 |    377 |   1639 |   3 |  932.0 |
       Dungeon |   2796 |   2597 |    199 |    377 |   1639 |   3 |  932.0 |
               +--------+--------+--------+--------+--------+-----+--------+

Top non-repeatable levels by time:
     D:1: 1116 daAuts
     D:2: 1085 daAuts
     D:3: 594 daAuts
